NWL (28 & UNDER)
SAN DIEGO SMASHERS @ LA CROSSE LOGGERS
07/31/2027
 
TOP OF THE 1ST
San Diego Smashers batting - Pitching for La Crosse Loggers : LHP Ron Huggins
Pitching: LHP Ron Huggins
Batting: RHB Gustavo Torres 0-0: Foul Ball, location: 2F
0-1: Ball
1-1: Swinging Strike
1-2: Ball
2-2: Ball
3-2: Strikes out swinging
Batting: RHB Gilberto Guzmán 0-0: Ground out 5-3 (Groundball, 56)
Batting: RHB Nate Atkinson 0-0: Ball
1-0: Fly out, F7 (Flyball, 7)
Top of the 1st over - 0 run(s), 0 hit(s), 0 error(s), 0 left on base; San Diego 0 - La Crosse 0
BOTTOM OF THE 1ST
La Crosse Loggers batting - Pitching for San Diego Smashers : LHP Jesús Martínez
Pitching: LHP Jesús Martínez
Batting: LHB Ramón Morales 0-0: Foul Ball, location: 2F
0-1: Called Strike
0-2: Strikes out swinging
Batting: RHB Robert Acosta 0-0: Called Strike
0-1: Swinging Strike
0-2: SINGLE (Line Drive, 8LS)
Batting: RHB Jesús Cabrera 0-0: Called Strike
0-1: Foul Ball, location: 2F
0-2: Strikes out swinging
Batting: SHB Dave Henley 0-0: Ball
Passed Ball!
Robert Acosta to second
1-0: Fly out, F7 (Flyball, 7S)
Bottom of the 1st over - 0 run(s), 1 hit(s), 0 error(s), 1 left on base; San Diego 0 - La Crosse 0
TOP OF THE 2ND
San Diego Smashers batting - Pitching for La Crosse Loggers : LHP Ron Huggins
Batting: LHB Ken Phillips 0-0: Ball
1-0: Ball
2-0: Ball
3-0: Called Strike
3-1: Foul Ball, location: 2F
3-2: Foul Ball, location: 2F
3-2: Strikes out swinging
Batting: RHB Marty Hendrickson 0-0: Ball
1-0: Ground out 5-3 (Groundball, 56)
Batting: RHB Fred Ameris 0-0: Swinging Strike
0-1: Ball
1-1: Foul Ball, location: 2F
1-2: Strikes out swinging
Top of the 2nd over - 0 run(s), 0 hit(s), 0 error(s), 0 left on base; San Diego 0 - La Crosse 0
BOTTOM OF THE 2ND
La Crosse Loggers batting - Pitching for San Diego Smashers : LHP Jesús Martínez
Batting: LHB Jeff Forsyth 0-0: Ball
1-0: Ball
2-0: Ball
3-0: Called Strike
3-1: Base on Balls
Batting: RHB Juan García 0-0: Called Strike
0-1: Fly out, F9 (Flyball, 9LS)
Batting: SHB José González 0-0: Called Strike
0-1: Grounds into double play, 4-6-3 (Groundball, 4D)
Bottom of the 2nd over - 0 run(s), 0 hit(s), 0 error(s), 0 left on base; San Diego 0 - La Crosse 0
TOP OF THE 3RD
San Diego Smashers batting - Pitching for La Crosse Loggers : LHP Ron Huggins
Batting: SHB Michael Aisher 0-0: Ball
1-0: Foul Ball, location: 2F
1-1: Swinging Strike
1-2: Ball
2-2: Strikes out swinging
Batting: RHB Ricardo Guzmán 0-0: Called Strike
0-1: Foul Ball, location: 2F
0-2: Ball
1-2: Ball
2-2: Strikes out swinging
Batting: RHB Larry Turner 0-0: Foul Ball, location: 2F
0-1: Ball
1-1: Ball
2-1: Swinging Strike
2-2: Strikes out looking
Top of the 3rd over - 0 run(s), 0 hit(s), 0 error(s), 0 left on base; San Diego 0 - La Crosse 0
BOTTOM OF THE 3RD
La Crosse Loggers batting - Pitching for San Diego Smashers : LHP Jesús Martínez
Batting: RHB Aurelio Cruz 0-0: Foul Ball, location: 2F
0-1: Ball
1-1: Ground out U3 (Groundball, 3S)
Batting: LHB Ralph Cobb 0-0: Foul Ball, location: 2F
0-1: SINGLE (Groundball, 34D)
Batting: LHB Ramón Morales 0-0: Foul Ball, location: 2F
0-1: Called Strike
0-2: Ball
1-2: Ball
2-2: Ball
3-2: Foul Ball, location: 2F
3-2: Fielders Choice at 2nd, 6-4 (Groundball, 6)
Batting: RHB Robert Acosta 0-0: Called Strike
0-1: Ball
1-1: Ball
Ramón Morales is caught stealing 2nd base
Bottom of the 3rd over - 0 run(s), 1 hit(s), 0 error(s), 0 left on base; San Diego 0 - La Crosse 0
TOP OF THE 4TH
San Diego Smashers batting - Pitching for La Crosse Loggers : LHP Ron Huggins
Batting: RHB Gustavo Torres 0-0: Ball
1-0: Foul Ball, location: 2F
1-1: Ball
2-1: Called Strike
2-2: SINGLE (Line Drive, 8LS)
Batting: RHB Gilberto Guzmán 0-0: Called Strike
0-1: Foul Ball, location: 2F
0-2: Ball
1-2: Foul Ball, location: 2F
1-2: Ball
2-2: Foul Ball, location: 2F
2-2: Grounds into double play, 4-6-3 (Groundball, 34)
Batting: RHB Nate Atkinson 0-0: Ball
1-0: Fly out, F3 (Line Drive, 3L)
Top of the 4th over - 0 run(s), 1 hit(s), 0 error(s), 0 left on base; San Diego 0 - La Crosse 0
BOTTOM OF THE 4TH
La Crosse Loggers batting - Pitching for San Diego Smashers : LHP Jesús Martínez
Batting: RHB Robert Acosta 0-0: Ball
1-0: Ball
2-0: Foul Ball, location: 2F
2-1: Ground out 6-3 (Groundball, 56)
Batting: RHB Jesús Cabrera 0-0: Ball
1-0: Called Strike
1-1: Ball
2-1: Ball
3-1: Reached on error, E5 (Groundball, 56)
Batting: SHB Dave Henley 0-0: Called Strike
0-1: Called Strike
0-2: Ball
1-2: Ball
2-2: SINGLE (Groundball, 6D)
Jesús Cabrera to second
Batting: LHB Jeff Forsyth 0-0: Ball
1-0: Ball
2-0: SINGLE (Line Drive, 6)
Jesús Cabrera to third
Dave Henley to second
Runner from 3rd tries for Home, throw and OUT!
Batting: RHB Juan García 0-0: Called Strike
0-1: Ball
1-1: Fielders Choice at 2nd, 4-6 (Groundball, 4)
Bottom of the 4th over - 0 run(s), 2 hit(s), 1 error(s), 1 left on base; San Diego 0 - La Crosse 0
TOP OF THE 5TH
San Diego Smashers batting - Pitching for La Crosse Loggers : LHP Ron Huggins
Batting: LHB Ken Phillips 0-0: Swinging Strike
0-1: Swinging Strike
0-2: Ball
1-2: Ground out 4-3 (Groundball, 4)
Batting: RHB Marty Hendrickson 0-0: Ball
1-0: Ball
2-0: Ball
3-0: Called Strike
3-1: Base on Balls
Batting: RHB Fred Ameris 0-0: Called Strike
0-1: Ball
1-1: Ball
2-1: Swinging Strike
2-2: Ball
3-2: Foul Ball, location: 2F
3-2: Foul Ball, location: 2F
3-2: Fly out, F9 (Line Drive, 9LS)
Batting: SHB Michael Aisher 0-0: Ground out 6-3 (Groundball, 6M)
Top of the 5th over - 0 run(s), 0 hit(s), 0 error(s), 1 left on base; San Diego 0 - La Crosse 0
BOTTOM OF THE 5TH
La Crosse Loggers batting - Pitching for San Diego Smashers : LHP Jesús Martínez
Batting: SHB José González 0-0: Fly out, F6 (Popup, 56D)
Batting: RHB Aurelio Cruz 0-0: Foul Ball, location: 2F
0-1: Ball
1-1: SINGLE (Groundball, 3) (infield hit)
Batting: LHB Ralph Cobb 0-0: Ball
Aurelio Cruz steals 2nd base
1-0: Ball
2-0: Foul Ball, location: 2F
2-1: Ball
3-1: Called Strike
3-2: Foul Ball, location: 2F
3-2: Fly out, F7 (Flyball, 7)
Batting: LHB Ramón Morales 0-0: Ball
1-0: Ground out 3-1 (Groundball, 34S)
Bottom of the 5th over - 0 run(s), 1 hit(s), 0 error(s), 1 left on base; San Diego 0 - La Crosse 0
TOP OF THE 6TH
San Diego Smashers batting - Pitching for La Crosse Loggers : LHP Ron Huggins
Batting: RHB Ricardo Guzmán 0-0: Ball
1-0: Ball
2-0: Fly out, F4 (Popup, 34)
Batting: RHB Larry Turner 0-0: Called Strike
0-1: Ball
1-1: Ball
2-1: DOUBLE (Groundball, 5L)
Batting: RHB Gustavo Torres 0-0: Ball
1-0: Swinging Strike
1-1: Foul Ball, location: 2F
1-2: Ball
2-2: Foul Ball, location: 2F
2-2: Fly out, F7 (Line Drive, 7)
Lined into DP, 7-4 (Line Drive, 7)
Top of the 6th over - 0 run(s), 1 hit(s), 0 error(s), 0 left on base; San Diego 0 - La Crosse 0
BOTTOM OF THE 6TH
La Crosse Loggers batting - Pitching for San Diego Smashers : LHP Jesús Martínez
Batting: RHB Robert Acosta 0-0: Foul Ball, location: 2F
0-1: Called Strike
0-2: Foul Ball, location: 2F
0-2: Ball
1-2: Ball
2-2: Strikes out swinging
Batting: RHB Jesús Cabrera 0-0: Ball
1-0: Ball
2-0: Foul Ball, location: 2F
2-1: SINGLE (Groundball, 6) (infield hit)
Batting: SHB Dave Henley 0-0: Swinging Strike
0-1: Ground out 6-3 (Groundball, 6MS)
Jesús Cabrera to second
Batting: LHB Jeff Forsyth 0-0: Ball
1-0: Foul Ball, location: 2F
1-1: SINGLE (Groundball, 4D)
Jesús Cabrera to third
Runner from 3rd tries for Home, SAFE, no throw
Batting: RHB Juan García 0-0: Called Strike
0-1: Foul Ball, location: 2F
0-2: Ball
1-2: Ball
2-2: Strikes out swinging
Bottom of the 6th over - 1 run(s), 2 hit(s), 0 error(s), 1 left on base; San Diego 0 - La Crosse 1
TOP OF THE 7TH
San Diego Smashers batting - Pitching for La Crosse Loggers : LHP Ron Huggins
Batting: RHB Gilberto Guzmán 0-0: Called Strike
0-1: Called Strike
0-2: Strikes out swinging
Batting: RHB Nate Atkinson 0-0: Ball
1-0: Ground out 1-3 (Groundball, 15S)
Batting: LHB Ken Phillips 0-0: Swinging Strike
0-1: Swinging Strike
0-2: Ball
1-2: Ground out 4-3 (Groundball, 4D)
Top of the 7th over - 0 run(s), 0 hit(s), 0 error(s), 0 left on base; San Diego 0 - La Crosse 1
BOTTOM OF THE 7TH
La Crosse Loggers batting - Pitching for San Diego Smashers : LHP Jesús Martínez
Batting: SHB José González 0-0: Called Strike
0-1: Foul Ball, location: 2F
0-2: Ball
1-2: Ball
2-2: Strikes out swinging
Batting: RHB Aurelio Cruz 0-0: SINGLE (Groundball, 4M) (infield hit)
Pitching: LHP Geoff Williams
Pinch Hitting: RHB Francisco Rodríguez 0-0: Ball
1-0: Called Strike
1-1: Called Strike
1-2: Ball
2-2: Foul Ball, location: 2F
2-2: Foul Ball, location: 2F
2-2: Fielders Choice at 2nd, 6-4 (Groundball, 6)
Batting: LHB Ramón Morales 0-0: Ball
1-0: Foul Ball, location: 2F
1-1: Swinging Strike
1-2: Ball
2-2: Foul Ball, location: 2F
2-2: Foul Ball, location: 2F
2-2: Ball
3-2: Foul Ball, location: 2F
3-2: Base on Balls
Francisco Rodríguez to second
Pinch Hitting: RHB Júlio Sánchez 0-0: Called Strike
0-1: Ball
1-1: Ball
2-1: Called Strike
2-2: Ball
3-2: Base on Balls
Francisco Rodríguez to third
Ramón Morales to second
Batting: RHB Jesús Cabrera 0-0: Reached on error, E6 (Groundball, 6)
Francisco Rodríguez scores
Ramón Morales to third
Júlio Sánchez to second
Pitching: LHP Brock Saunders
Batting: SHB Dave Henley 0-0: Fly out, F9 (Flyball, 89S)
Bottom of the 7th over - 1 run(s), 1 hit(s), 1 error(s), 3 left on base; San Diego 0 - La Crosse 2
TOP OF THE 8TH
San Diego Smashers batting - Pitching for La Crosse Loggers : LHP Ron Huggins
Now at SS: Júlio Sánchez
Now in LF: James Jenkins
Batting: RHB Marty Hendrickson 0-0: Called Strike
0-1: Fly out, F9 (Line Drive, 89M)
Batting: RHB Fred Ameris 0-0: Ball
1-0: Ground out 5-3 (Groundball, 56S)
Batting: SHB Michael Aisher 0-0: Ball
1-0: Swinging Strike
1-1: Ground out 4-3 (Groundball, 4)
Top of the 8th over - 0 run(s), 0 hit(s), 0 error(s), 0 left on base; San Diego 0 - La Crosse 2
BOTTOM OF THE 8TH
La Crosse Loggers batting - Pitching for San Diego Smashers : LHP Brock Saunders
Batting: LHB Jeff Forsyth 0-0: Ball
1-0: Called Strike
1-1: Ball
2-1: Ball
3-1: Fly out, F7 (Flyball, 7LS)
Batting: RHB Juan García 0-0: Ball
1-0: Called Strike
1-1: SINGLE (Groundball, 4MD)
Batting: SHB José González 0-0: Ball
1-0: Foul Ball, location: 2F
1-1: Fly out, F7 (Line Drive, 78M)
Batting: RHB Aurelio Cruz 0-0: Ball
1-0: Swinging Strike
1-1: Swinging Strike
1-2: Ball
2-2: SINGLE (Groundball, 4MD)
Juan García to second
Throwing error, E8
Juan García scores
Aurelio Cruz to second
Pitching: LHP Raymond Ritchie
Batting: RHB James Jenkins 0-0: Ball
1-0: Foul Ball, location: 2F
1-1: Foul Ball, location: 2F
1-2: Foul Ball, location: 2F
1-2: Strikes out swinging
Bottom of the 8th over - 1 run(s), 2 hit(s), 1 error(s), 1 left on base; San Diego 0 - La Crosse 3
TOP OF THE 9TH
San Diego Smashers batting - Pitching for La Crosse Loggers : LHP Ron Huggins
Pitching: RHP Derrick Hall
Batting: RHB Ricardo Guzmán 0-0: Foul Ball, location: 2F
0-1: Ball
1-1: Swinging Strike
1-2: Strikes out swinging
Batting: RHB Larry Turner 0-0: Ball
1-0: Ground out 1-3 (Groundball, P)
Batting: RHB Gustavo Torres 0-0: Ball
1-0: Ball
2-0: Ball
3-0: Called Strike
3-1: Base on Balls
Batting: RHB Gilberto Guzmán 0-0: Ball
1-0: SINGLE (Groundball, 6MD)
Gustavo Torres to second
Pinch Hitting: RHB John Nelson 0-0: Ball
1-0: Called Strike
1-1: Ball
2-1: Foul Ball, location: 2F
2-2: Ball
Wild Pitch!
Gustavo Torres to third
Gilberto Guzmán to second
3-2: Foul Ball, location: 2F
3-2: SINGLE (Groundball, 6MD)
Gustavo Torres scores
Gilberto Guzmán to third
Gilberto Guzmán scores
Batting: LHB Ken Phillips 0-0: Ball
1-0: Ball
2-0: Fly out, F9 (Flyball, 89M)
Top of the 9th over - 2 run(s), 2 hit(s), 0 error(s), 1 left on base; San Diego 2 - La Crosse 3
Thursday, March 30th, 2017 - OOTP Baseball 17.12 Build 75